 Dungeon Crawl Stone Soup version 0.22.1-6-g1668fe2c40 (webtiles) character file.

147 LabCoat the Chopper (level 5, 0/46 HPs)
             Began as a Hill Orc Fighter on Jan 24, 2019.
             Slain by a gnoll
             ... wielding a +0 halberd
              (10 damage)
             ... on level 3 of the Dungeon.
             The game lasted 00:19:09 (2541 turns).

LabCoat the Chopper (Hill Orc Fighter)              Turns: 2541, Time: 00:19:10

Health: 0/46       AC: 11    Str: 19    XL:     5   Next: 29%
Magic:  5/5        EV:  3    Int:  8    God:
Gold:   127        SH: 10    Dex: 11    Spells: 4/4 levels left

rFire    . . .     SeeInvis .   a - +0 war axe
rCold    . . .     Gourm    .   c - +1 shield
rNeg     . . .     Faith    .   m - +0 plate armour
rPois    .         Spirit   .   (no helmet)
rElec    .         Reflect  .   (no cloak)
rCorr    .         Harm     .   (no gloves)
MR       .....                  (no boots)
Stlth    ..........             (no amulet)
HPRegen  0.15/turn              (no ring)
MPRegen  0.09/turn              (no ring)

@: no status effects
A: no striking features
a: no special abilities


You were on level 3 of the Dungeon.
You were not hungry.

You visited 1 branch of the dungeon, and saw 3 of its levels.

You collected 127 gold pieces.

Inventory:

Hand Weapons
 a - a +0 war axe (weapon)
Missiles
 e - 2 needles of sleeping
 h - 19 bolts
Armour
 c - a +1 shield (worn)
 m - a +0 plate armour (worn)
Jewellery
 g - an uncursed amulet of harm
Scrolls
 i - a scroll of enchant armour
 l - a scroll of fog
Potions
 b - a potion of haste {unknown}
 d - 4 potions of might
 j - 4 potions of curing {unknown}
 k - a potion of ambrosia {unknown}
 n - a potion of cancellation {unknown}
 o - a potion of mutation {unknown}
Comestibles
 f - 6 rations
 p - 3 chunks of flesh


   Skills:
 + Level 4.2 Fighting
 * Level 5.4 Axes
 + Level 3.8 Armour
 + Level 4.0 Shields


You had 4 spell levels left.
You didn't know any spells.
Your spell library was empty.

Dungeon Overview and Level Annotations

Branches:
Dungeon (3/15)

Altars:
Uskayaw


Message History

The giant cockroach barely misses you.
You barely miss the hobgoblin.
The hobgoblin is moderately wounded.
You hit the giant cockroach.
You kill the giant cockroach!
You block the hobgoblin's attack. The gnoll hits you but does no damage.
You slash the hobgoblin!
You kill the hobgoblin!
The giant cockroach waves its antennae.
You block the gnoll's attack. You block the gnoll's attack. x2
Things that are here:
a club; 25 stones You hit the gnoll.
The gnoll is lightly wounded.
The gnoll hits you from afar with a halberd.
* * * LOW HITPOINT WARNING * * *
The gnoll hits you but does no damage.
The gnoll hits you from afar with a halberd!
You die...

#...# ##.<.. #...###
###.รท### #.....# #.......
##...#.## #.......
#.......# #......<
#.####..# #.<..... #.
##.######.......
..####.#####g.#...........
........(@)gs..)###.......
#....########.####........
### #..##..#......
####.g..##.g....
#......g..s.....
#........#######
#.......## #........
#>=.......


You could see 2 gnolls and a giant cockroach.

Vanquished Creatures
  4 adders (D:2)
  3 gnolls
  3 oozes
  2 dart slugs (D:2)
  3 leopard geckos (D:2)
  An orc (D:3)
  A ball python (D:1)
  2 giant cockroaches
  6 goblins
  9 hobgoblins
  4 jackals (D:2)
  3 kobolds (D:2)
  2 quokkas
  6 bats
  7 frilled lizards
  7 rats
63 creatures vanquished.

Notes
Turn   | Place    | Note
-------+----------+-------------------------------------------
     0 | D:1      | LabCoat the Hill Orc Fighter began the quest for the Orb.
     0 | D:1      | Reached XP level 1. HP: 19/19 MP: 1/1
    70 | D:1      | Reached XP level 2. HP: 23/27 MP: 2/2
   295 | D:1      | Reached skill level 3 in Axes
   343 | D:1      | Reached XP level 3. HP: 33/33 MP: 3/3
  1102 | D:2      | Reached skill level 4 in Axes
  1102 | D:2      | Reached XP level 4. HP: 27/40 MP: 4/4
  1556 | D:2      | Found a hide-covered altar of Uskayaw.
  2048 | D:2      | Reached skill level 5 in Axes
  2048 | D:2      | Reached XP level 5. HP: 37/46 MP: 5/5
  2541 | D:3      | Slain by a gnoll

Skill      XL: |  1  2  3  4 |
---------------+-------------+-----
Axes           | 3 4 5 |  5.4
Fighting       | 4 |  4.2
Shields        | 4 |  4.0
Armour         | |  3.8

Action                   |  1- 3 |  4- 6 || total
-------------------------+-------+-------++-------
Melee: War axe           |   120 |   109 ||   229
  Use: Scroll            |     3 |     3 ||     6
  Eat: Chunk             |     1 |     5 ||     6
Armor: Scale mail        |    39 |       ||    39
       Plate armour      |    12 |    77 ||    89
Dodge: Dodged            |    36 |    16 ||    52
Block: Shield            |    59 |    84 ||   143
